 Dungeon Crawl Stone Soup version 0.31.0-11-ge490571c62 (webtiles) character file.

Game seed: 14583791059123470098

14 Rassilon the Trooper (level 2, 0/24 HPs)
             Began as a Demonspawn Monk on Jan 31, 2024.
             Slain by a scorpion (5 damage)
             ... on level 2 of the Dungeon.
             The game lasted 00:01:48 (314 turns).

Rassilon the Trooper (Demonspawn Monk)               Turns: 314, Time: 00:01:49

Health: 0/24       AC:  2    Str: 11    XL:     2   Next: 27%
Magic:  2/2        EV: 13    Int: 10    God:
Gold:   8          SH:  0    Dex: 15    Spells: 1/1 levels left

rFire   . .          .
                       - Unarmed
rCold   . . .        c - orb {light}
rNeg    . . .        a - +0 robe
rPois   .            (helmet restricted)
rElec   .            (no cloak)
rCorr   .            (no gloves)
SInv    .            (no boots)
Will    .....        (no amulet)
Stlth   +            (no ring)
HPRegen 0.24/turn    (no ring)
MPRegen 0.08/turn

%: no passive effects
@: confused, lethally poisoned (0 -> -2), ambrosia-drunk, glowing
A: antennae 1
a: no special abilities


You were on level 2 of the Dungeon.
You visited 1 branch of the dungeon, and saw 2 of its levels.

You collected 8 gold pieces.

Inventory:

Armour
 a - a +0 robe (worn)
 c - an orb of light (worn)


   Skills:
 + Level 3.2 Fighting
 + Level 2.9 Dodging
 + Level 2.9 Unarmed Combat


You had one spell level left.
You didn't know any spells.
Your spell library was empty.

Dungeon Overview and Level Annotations

Branches:
Dungeon (1/15)

Altars:

Shops:
D:1 (


Innate Abilities, Weirdness & Mutations

You have a pair of small antennae on your head.


Message History

You kill the goblin!
You hit the scorpion but do no damage. The scorpion stings you.
You hit the scorpion.
The scorpion is lightly wounded.
The scorpion misses you.
You hit the scorpion but do no damage.
The scorpion is lightly wounded.
The scorpion stings you. x2
You hit the scorpion.
The scorpion is moderately wounded.
The scorpion stings you.
You completely miss the scorpion.
The scorpion is moderately wounded.
The scorpion barely misses you.
You hit the scorpion but do no damage.
The scorpion is moderately wounded.
The scorpion completely misses you.
You hit the scorpion.
The scorpion is heavily wounded.
The scorpion stings you!
You are poisoned.
The scorpion poisons you!
You hit the scorpion but do no damage.
The scorpion is heavily wounded.
You feel sick. The scorpion stings you.
* * * LOW HITPOINT WARNING * * *
You are confused.
You feel invigorated.
You feel sick. The scorpion closely misses you.
You bump into the rock wall.
You feel sick. The scorpion stings you.
* * * LOW HITPOINT WARNING * * *
The scorpion stings you.
* * * LOW HITPOINT WARNING * * *
You hit the scorpion but do no damage.
The scorpion is heavily wounded.
You feel sick. The scorpion stings you.
* * * LOW HITPOINT WARNING * * *
You hit the scorpion.
The scorpion is severely wounded.
You feel sick. The scorpion stings you.
You die...

#.........#
#.##.#.##.#
##.#.##.##
#........#
######...#
.........#
.........#
........####.#.##
..####...@s......
. #.#..#..#.##
#.#..# ## ...>..
#.....!.
#.##.#### .. #.#
.. #.#


You could see a scorpion.

Vanquished Creatures
  A dart slug (D:1)
  2 endoplasms (D:1)
  2 giant cockroaches (D:1)
  3 goblins
  A hobgoblin (D:1)
  A kobold (D:1)
10 creatures vanquished.

Notes
Turn   | Place    | Note
-------+----------+-------------------------------------------
     0 | D:1      | Rassilon the Demonspawn Monk began the quest for the Orb.
     0 | D:1      | Reached XP level 1. HP: 18/18 MP: 1/1
   150 | D:1      | Gained mutation: You have a pair of small antennae on your
                  | head. [demonic ancestry]
   150 | D:1      | Reached XP level 2. HP: 22/24 MP: 2/2
   173 | D:1      | Found Weufuj's Weapon Emporium.
   283 | D:1      | You fall into a shaft and drop 1 floor!
   298 | D:2      | Noticed a scorpion
   314 | D:2      | Slain by a scorpion

Illustrated notes

Levels and vault maps discovered:
D:1:      kilobyte_arrival_exit_the_forest, layout_loops_cross, serial_shops,
          shop, st_stairs_10
D:2:      layout_basic, serial_aquarium, aquarium_bridge_straight
          [aquarium_subvault_bridge, aquarium_subvault_wall,
          aquarium_subvault_bridge, aquarium_subvault_wall], aquarium_window_1,
          aquarium_window_1, aquarium_window_corner, aquarium_view_2c,
          aquarium_pool_2

Action                     || total
---------------------------++-------
  Melee: Unarmed           ||    53
    Use: Potion            ||     1
 Armour: Robe              ||    26
  Dodge: Dodged            ||    28
